 Dungeon Crawl Stone Soup version 0.29-a0-23-ga79f92ac9c (webtiles) character file.

Game seed: 6170749328334810520

69 HallandMoats the Ruffian (level 4, -2/40 HPs)
             Began as a Ghoul Monk on Jan 31, 2022.
             Was a Follower of Ru.
             Slain by Ijyb (4 damage)
             ... on level 3 of the Dungeon.
             The game lasted 00:02:24 (2271 turns).

HallandMoats the Ruffian (Ghoul Monk)               Turns: 2271, Time: 00:02:25

Health: -2/40      AC:  5    Str: 16    XL:     4   Next: 20%
Magic:  3/3        EV: 11    Int:  5    God:    Ru [*.....]
Gold:   79         SH:  0    Dex: 11    Spells: 3/3 levels left

rFire   . . .      SeeInvis .     - Unarmed
rCold   + . .      Faith    .   (no shield)
rNeg    + + +      Spirit   .   g - +0 ring mail
rPois   ∞          Reflect  .   (no helmet)
rElec   .          Harm     .   d - scarf {shadows}
rCorr   .          Rampage  .   (no gloves)
Will    .....                   (no boots)
Stlth   +.........              (no amulet)
HPRegen 0.00/turn               (no ring)
MPRegen 0.08/turn               (no ring)

@: inhibited regen
A: claws 1, cold resistance 1, negative energy resistance 3, inhibited
regeneration, torment resistance 2, no conjurations magic, no hexes magic, no
poison magic
a: Renounce Religion


You were on level 3 of the Dungeon.
You worshipped Ru.
Ru was aware of your devotion.
You visited 1 branch of the dungeon, and saw 3 of its levels.

You collected 79 gold pieces.

Inventory:

Missiles
 f - a throwing net (quivered)
Armour
 d - a scarf of shadows (worn)
 g - a +0 ring mail (worn)
Scrolls
 e - 3 scrolls of identify {unknown}
 h - a scroll of noise {unknown}
 i - a scroll of holy word {unknown}
Potions
 a - a potion of flight {unknown}
 b - 2 potions of haste {unknown}
 c - 2 potions of lignification {unknown}
 j - a potion of might {unknown}


   Skills:
 * Level 4.0 Fighting
 + Level 0.7 Armour
 + Level 2.9 Dodging
 + Level 2.4 Stealth
 * Level 4.1 Unarmed Combat
 + Level 1.0 Invocations


You had 3 spell levels left.
You didn't know any spells.
Your spell library contained the following spells:

 Spells                   Type           Power      Damage    Failure   Level
 Petrify                  Tmut/Erth      0%         N/A       100%        4
 Metabolic Englaciation   Hex/Ice        Unusable   N/A       N/A         5
 Statue Form              Tmut/Erth      Unusable   N/A       N/A         6

Dungeon Overview and Level Annotations

Branches:
Dungeon (3/15)

Altars:
Ru

Annotations:
D:3 Ijyb


Innate Abilities, Weirdness & Mutations

You thrive by killing the living.
You are immune to poison.
You have sharp fingernails.
Your flesh is cold resistant. (rC+)
You are immune to negative energy. (rN+++)
You do not regenerate when monsters are visible.
You are immune to unholy pain and torment.
You cannot study or cast Conjurations magic.
You cannot study or cast Hexes magic.
You cannot study or cast Poison magic.


Message History

You scratch Ijyb.
Ijyb is moderately wounded.
The hobgoblin misses you. Ijyb hits you with a +0 club. The rat bites you.
You scratch Ijyb but do no damage.
Ijyb is moderately wounded.
The hobgoblin hits you. The endoplasm freezes you.
You are frozen.
You resist.
Ijyb zaps a wand.
The puff of flame hits you. The rat bites you but does no damage.
You scratch Ijyb.
Ijyb is severely wounded.
The hobgoblin misses you. The endoplasm freezes you.
You are frozen.
You resist.
Ijyb zaps a wand.
The puff of flame hits you! The rat completely misses you.
You are too injured to fight recklessly!
You are too injured to fight recklessly!
You are too injured to fight recklessly!
You are too injured to fight recklessly!
You are too injured to fight recklessly!
You are too injured to fight recklessly!
You are too injured to fight recklessly!
You are too injured to fight recklessly!
You are too injured to fight recklessly!
You are too injured to fight recklessly!
You are too injured to fight recklessly!
You are too injured to fight recklessly!
You are too injured to fight recklessly!
You are too injured to fight recklessly!
You are too injured to fight recklessly!
You are too injured to fight recklessly!
You are too injured to fight recklessly!
You are too injured to fight recklessly!
You are too injured to fight recklessly!
You are too injured to fight recklessly!
Ijyb zaps a wand.
The puff of flame hits you!
* * * LOW HITPOINT WARNING * * *
The rat barely misses you. Ijyb hits you with a +0 club.
You die...

#...
######....
#.........
###....#....
#........#
#..<.#
#.r..##
#.#.ggJ.##
#....@...#
###....#...#
###.####.#
#.. .. ##.
.# ..


You could see Ijyb, an endoplasm, a hobgoblin and a rat.

Vanquished Creatures
  A worm (D:2)
  2 dart slugs
  3 bats
  6 endoplasms
  A giant cockroach (D:2)
  3 goblins
  4 hobgoblins
  9 jackals (D:1)
  4 quokkas (D:2)
  7 ball pythons
  A frilled lizard (D:2)
  3 kobolds
  4 rats
48 creatures vanquished.

Vanquished Creatures (others)
  An adder (D:2)
1 creature vanquished.

Grand Total: 49 creatures vanquished

Notes
Turn   | Place    | Note
-------+----------+-------------------------------------------
     0 | D:1      | HallandMoats the Ghoul Monk began the quest for the Orb.
     0 | D:1      | Reached XP level 1. HP: 19/19 MP: 0/0
   249 | D:1      | Reached XP level 2. HP: 18/26 MP: 1/1
   767 | D:1      | Reached XP level 3. HP: 18/33 MP: 2/2
   921 | D:1      | Found a faded altar of an unknown god.
   952 | D:1      | Prayed at the altar of an unknown god.
   952 | D:1      | Became a worshipper of Ru the Awakened
   972 | D:1      | Gained mutation: You cannot study or cast Poison magic. [Ru
                  | sacrifice]
   972 | D:1      | Gained mutation: You cannot study or cast Hexes magic. [Ru
                  | sacrifice]
   972 | D:1      | Gained mutation: You cannot study or cast Conjurations
                  | magic. [Ru sacrifice]
   972 | D:1      | Reached * piety under Ru
  1842 | D:2      | Reached XP level 4. HP: 39/40 MP: 3/3
  2014 | D:2      | Reached skill level 1 in Invocations
  2260 | D:3      | Noticed Ijyb
  2270 | D:3      | HP: 2/40 [Ijyb/puff of flame (11)]
  2271 | D:3      | Slain by Ijyb

Illustrated notes

Levels and vault maps discovered:
D:1:      ncdulo_halloftheorcs, layout_loops_corners, basic_ecumenical_altar,
          minmay_pentomino_x4
D:2:      layout_rooms, minmay_circle_x
D:3:      layout_rooms, uniq_ijyb, uniq_robin, uniq_crazy_yiuf_cottage

Skill      XL: |  1  2  3  4 |
---------------+-------------+-----
Fighting       | 4 |  4.0
Unarmed Combat | 4 |  4.1
Invocations    | 1 |  1.0
Armour         | |  0.7
Dodging        | |  2.9
Stealth        | |  2.4

Action                   |  1- 3 |  4- 6 || total
-------------------------+-------+-------++-------
Melee: Unarmed           |   121 |    19 ||   140
       Punch             |     1 |     1 ||     2
Invok: Sacrifice Arcana  |     1 |       ||     1
 Stab: Sleeping          |     6 |       ||     6
Armor: Robe              |     9 |       ||     9
       Ring mail         |    13 |     5 ||    18
Dodge: Dodged            |    64 |    12 ||    76

Table legend: (Time is in decaauts)
 A = Elapsed time spent in this place.
 B = Non-inter-level travel time spent in this place.
 C = Inter-level travel time spent in this place.
 D = Time resting spent in this place.
 E = Time spent auto-exploring this place.
 F = Levels seen in this place.
 G = Mean time per level.
                   A        B        C        D        E       F      G
               +--------+--------+--------+--------+--------+-----+--------+
         Total |   2261 |   2160 |    101 |    188 |   1633 |   3 |  753.7 |
       Dungeon |   2261 |   2160 |    101 |    188 |   1633 |   3 |  753.7 |
               +--------+--------+--------+--------+--------+-----+--------+

Top non-repeatable levels by time:
     D:1: 1593 daAuts
     D:2: 657 daAuts
     D:3: 10 daAuts
